 Dungeon Crawl Stone Soup version 0.28-a0-445-g51f8dfeb47 (webtiles) character file.

Game seed: 17454269414444921

38 GordonOverkill the Grave Robber (level 3, -1/16 HPs)
             Began as a Felid Necromancer on Sept 13, 2021.
             Killed by divine providence
             ... invoked by an orc priest
              (11 damage)
             ... on level 3 of the Dungeon.
             The game lasted 00:04:58 (3915 turns).

GordonOverkill the Grave Robber (Felid Necromancer) Turns: 3915, Time: 00:04:59

Health: -1/16      AC:  1    Str:  4    XL:     3   Next: 25%
Magic:  1/8        EV: 17    Int: 17    God:
Gold:   150        SH:  0    Dex: 16    Spells: 4/8 levels left
                                        Lives:  0   Deaths: 1

rFire   . . .      SeeInvis +   (weapon unavailable)
rCold   . . .      Faith    .   (shield unavailable)
rNeg    . . .      Spirit   .   (armour unavailable)
rPois   .          Reflect  .   (helmet unavailable)
rElec   .          Harm     .   (cloak unavailable)
rCorr   .          Rampage  .   (gloves unavailable)
Will    .....                   (boots unavailable)
Stlth   ++........              (no amulet)
HPRegen 0.05/turn               (no ring)
MPRegen 0.11/turn               (no ring)

@: quick
A: very small, claws 1, fangs 3, see invisible, speed 1, shaggy fur 1, stealthy
paws, no weapons or thrown items, no armour, multi-lived
a: no special abilities


You were on level 3 of the Dungeon.
You visited 1 branch of the dungeon, and saw 3 of its levels.

You collected 150 gold pieces.

Inventory:

Scrolls
 b - 3 scrolls of amnesia
 c - 3 scrolls of magic mapping
 d - a scroll of blinking {unknown}
Potions
 a - a potion of ambrosia {unknown}
 e - a potion of mutation {unknown}
 f - a potion of heal wounds {unknown}


   Skills:
 + Level 2.5 Fighting
 + Level 2.8 Dodging
 - Level 2.6 Stealth
 + Level 3.2 Spellcasting
 - Level 4.0 Necromancy
 + Level 0.3 Transmutations


You had 4 spell levels left.
You knew the following spells:

 Your Spells              Type           Power      Damage    Failure   Level
a - Pain                  Necr           64%        1d7       3%          1
b - Vampiric Draining     Necr           8%         2d7       10%         3

Your spell library contained the following spells:

 Spells                   Type           Power      Damage    Failure   Level
 Animate Skeleton         Necr           32%        N/A       3%          1
 Animate Dead             Necr           8%         N/A       32%         4
 Cause Fear               Hex            1%         N/A       86%         4
 Agony                    Necr           16%        N/A       67%         5
 Dragon Form              Tmut           1%         N/A       100%        7
 Dragon's Call            Summ           1%         N/A       100%        9


Dungeon Overview and Level Annotations

Branches:
Dungeon (3/15)

Altars:


Innate Abilities, Weirdness & Mutations

You have sharp claws.
You have razor-sharp teeth.
You have supernaturally acute eyesight. (SInv)
You cover ground quickly. (Speed+)
You are covered in fur. (AC +1)
Your paws help you pounce on unaware monsters.
You are incapable of wielding weapons or throwing items.
You cannot wear armour.
You gain extra lives every three experience levels.


Message History

Press: ? - help, Shift-Dir - straight line, f/p - orc
Aim: an orc, wielding a +0 hand axe and quivering boomerangs (lightly wounded, chance to affect: 87%)
The orc writhes in agony.
Casting: Pain (safe; 3% risk of failure)
Confirm with . or Enter, or press ? or * to list all spells.
Aiming: Pain (safe; 3% risk of failure)
Press: ? - help, Shift-Dir - straight line, f/p - orc
Aim: an orc, wielding a +0 hand axe and quivering boomerangs (severely wounded, chance to affect: 87%)
The orc writhes in agony.
The orc throws a boomerang.
The boomerang closely misses you.
Casting: Pain (safe; 3% risk of failure)
Confirm with . or Enter, or press ? or * to list all spells.
Aiming: Pain (safe; 3% risk of failure)
Press: ? - help, Shift-Dir - straight line, f/p - orc
Aim: an orc, wielding a +0 hand axe and quivering boomerangs (severely wounded, chance to affect: 87%)
The orc writhes in agony.
You kill the orc!
Casting: Pain (safe; 3% risk of failure)
Confirm with . or Enter, or press ? or * to list all spells.
Aiming: Pain (safe; 3% risk of failure)
Press: ? - help, Shift-Dir - straight line, f - goblin
Aim: a goblin, wielding a +0 club and quivering stones (chance to affect: 87%)
The goblin writhes in agony.
Casting: Pain (safe; 3% risk of failure)
Confirm with . or Enter, or press ? or * to list all spells.
Aiming: Pain (safe; 3% risk of failure)
Press: ? - help, Shift-Dir - straight line, f/p - goblin
Aim: a goblin, wielding a +0 club and quivering stones (severely wounded, chance to affect: 87%)
The goblin writhes in agony.
You kill the goblin!
Casting: Pain (safe; 3% risk of failure)
Confirm with . or Enter, or press ? or * to list all spells.
Aiming: Pain (safe; 3% risk of failure)
Press: ? - help, Shift-Dir - straight line, f - orc priest
Aim: an orc priest, wielding a +0 flail (chance to affect: 75%)
The orc priest struggles to resist.
The orc priest invokes the aid of Beogh against you.
Beogh smites you!
Ouch! That really hurt!
You die...

### #.# #.# #.# #####.###.#####
#.............#######********
#.###.......#........,,,,,,,,
#.* #.....#.#........,,,****#
#.###..##>...........,,,,,,,,
#.#.......#.#...#...,*#,*####
####.#.#..##.#.@........##.##...
#.........##.o.))............o.o
######....##.#.#...#....##.##...
#....##.#..)..#,...*#......
****##....##.).#..##,#.#*#.##...
*,,,..............##)#,##.,.....
****##....#.(#.#.........,..#...
#....#.##.#..#..#.##.###...
#.................,.,,*#...


You could see an orc priest.

Vanquished Creatures
  3 adders
  A dart slug (D:2)
  5 orcs (D:3)
  5 endoplasms
  2 giant cockroaches
  7 goblins
  6 hobgoblins
  2 quokkas (D:1)
  4 ball pythons
  2 bats (D:2)
  3 frilled lizards
  4 kobolds (D:1)
  A rat (D:1)
45 creatures vanquished.

Notes
Turn   | Place    | Note
-------+----------+-------------------------------------------
     0 | D:1      | GordonOverkill the Felid Necromancer began the quest for
                  | the Orb.
     0 | D:1      | Reached XP level 1. HP: 7/7 MP: 4/4
   369 | D:1      | Reached skill level 1 in Fighting
   758 | D:1      | Reached XP level 2. HP: 11/12 MP: 4/6
  2387 | D:2      | Found a faded altar of an unknown god.
  2396 | D:2      | Reached XP level 3. HP: 14/16 MP: 5/8
  3242 | D:2      | Reached XP level 4. HP: 19/20 MP: 7/9
  3343 | D:3      | Learned a level 3 spell: Vampiric Draining
  3887 | D:3      | Killed from afar by an orc priest
  3888 | D:3      | Reached XP level 3. HP: -10/16 MP: 6/8
  3915 | D:3      | Killed from afar by an orc priest

Illustrated notes

Levels and vault maps discovered:
D:1:      eino_arrival_tree_alley, layout_basic, minmay_pentomino_s2
D:2:      layout_rooms, ebering_ecumenical_altar_mist
D:3:      layout_basic, ashenzari_conservatory_becter, tso_oasis_becter,
          skrybe_limestone_x

Skill      XL: |  1  2  3 |
---------------+----------+-----
Fighting       | 1 2 |  2.5
Spellcasting   | 3 |  3.2
Dodging        | |  2.8
Stealth        | |  2.6
Necromancy     | |  4.0
Transmutations | |  0.3

Action                   |  1- 3 |  4- 6 || total
-------------------------+-------+-------++-------
Melee: Unarmed           |     1 |       ||     1
 Cast: Pain              |    76 |    19 ||    95
  Use: Scroll            |       |     3 ||     3
 Stab: Sleeping          |     1 |       ||     1
Dodge: Dodged            |    16 |       ||    16

Table legend: (Time is in decaauts)
 A = Elapsed time spent in this place.
 B = Non-inter-level travel time spent in this place.
 C = Inter-level travel time spent in this place.
 D = Time resting spent in this place.
 E = Time spent auto-exploring this place.
 F = Levels seen in this place.
 G = Mean time per level.
                   A        B        C        D        E       F      G
               +--------+--------+--------+--------+--------+-----+--------+
         Total |   3573 |   3411 |    162 |   1999 |    994 |   3 | 1191.0 |
       Dungeon |   3573 |   3411 |    162 |   1999 |    994 |   3 | 1191.0 |
               +--------+--------+--------+--------+--------+-----+--------+

Top non-repeatable levels by time:
     D:1: 2231 daAuts
     D:2: 1055 daAuts
     D:3: 286 daAuts
